[Event "48th Indian U15-ch Girls 2023"]
[Site "Jalgaon"]
[Date "2023.12.27"]
[Round "1.1"]
[White "Kanishka Choudhary"]
[Black "Mrittika Mallick"]
[Result "0-1"]
[WhiteElo "1303"]
[BlackElo "1970"]
[PlyCount "74"]
[EventDate "2023.12.30"]
[EventType "swiss"]
[EventCountry "IND"]
[TimeControl "5400+30"]

1. e4 c5 2. Nf3 d6 3. d4 cxd4 4. Nxd4 Nf6 5. f3 e5 6. Nb3 Be6 7. c4 Be7 8. Nc3 a5 9. Be3 a4 10. Nd2 Qa5 11. Nd5 Nxd5 12. cxd5 Bd7 13. Be2 Bh4+ 14. g3 Bf6 15. O-O b5 16. Rc1 O-O 17. Nb1 Na6 18. Qd2 Qd8 19. Na3 Qb8 20. Qd3 Nb4 21. Qd2 Bd8 22. Ra1 Ba5 23. Qd1 Qb7 24. Nc2 Na6 25. Bd2 Bb6+ 26. Be3 f5 27. Bxb6 Qxb6+ 28. Kg2 fxe4 29. fxe4 Nc5 30. Bf3 b4 31. Ne1 Bb5 32. Rf2 Nxe4 33. Rc2 Ng5 34. Rac1 e4 35. Bg4 Bf1+ 36. Kh1 Bc4 37. Be2 Nh3 0-1

[Event "48th Indian U15-ch Girls 2023"]
[Site "Jalgaon"]
[Date "2023.12.27"]
[Round "1.2"]
[White "Shubhi Gupta"]
[Black "Sahana Shainsha"]
[Result "1-0"]
[WhiteElo "1902"]
[BlackElo "1300"]
[PlyCount "89"]
[EventDate "2023.12.30"]
[EventType "swiss"]
[EventCountry "IND"]
[TimeControl "5400+30"]

1. d4 Nf6 2. Nf3 e6 3. Bg5 h6 4. Bxf6 Qxf6 5. e4 d6 6. Nc3 c6 7. Bd3 e5 8. d5 Be7 9. h3 Nd7 10. Qe2 c5 11. a4 O-O 12. a5 Rd8 13. a6 b6 14. Bb5 Nf8 15. Bc6 Rb8 16. Nb5 Bd7 17. Nxa7 Ra8 18. Bxa8 Rxa8 19. Nc6 Bxc6 20. dxc6 Ne6 21. g3 Ra7 22. c3 Bd8 23. Nd2 Bc7 24. Nf1 Nd8 25. Ne3 Nxc6 26. Nd5 Qd8 27. Qb5 Nb8 28. O-O Nd7 29. Rfd1 Bb8 30. Qc6 f6 31. Qc8 Qf8 32. Ne7+ Kf7 33. Qxf8+ Kxf8 34. Nc6 Ra8 35. Nxb8 Rxb8 36. Rxd6 Ke7 37. Rad1 Nf8 38. Rd8 Rxd8 39. Rxd8 Kxd8 40. a7 Kc7 41. a8=Q Nd7 42. Qg8 g5 43. Qh7 Kd6 44. Qxh6 Ke6 45. h4 1-0

[Event "48th Indian U15-ch Girls 2023"]
[Site "Jalgaon"]
[Date "2023.12.27"]
[Round "1.3"]
[White "Shreya Piplani"]
[Black "Sachi Jain"]
[Result "0-1"]
[WhiteElo "1265"]
[BlackElo "1844"]
[PlyCount "102"]
[EventDate "2023.12.30"]
[EventType "swiss"]
[EventCountry "IND"]
[TimeControl "5400+30"]

1. d4 d5 2. Bf4 e6 3. e3 Nf6 4. c3 Be7 5. Nf3 O-O 6. Bd3 c5 7. Nbd2 b6 8. h3 Bb7 9. O-O Nbd7 10. Re1 Rc8 11. Qe2 c4 12. Bc2 b5 13. Rab1 b4 14. Rec1 Qa5 15. cxb4 Bxb4 16. a3 Be7 17. Rd1 Ba6 18. Qe1 Qb6 19. Nf1 Bd6 20. Bg3 Nh5 21. Kh2 Nxg3 22. Nxg3 Qc7 23. Qc3 Nf6 24. Nd2 Nh5 25. Ndf1 f5 26. f4 Nxg3 27. Nxg3 g5 28. Kh1 gxf4 29. Nh5 fxe3 30. Qxe3 Qf7 31. Qg5+ Kh8 32. Rf1 Rg8 33. Qf6+ Qxf6 34. Nxf6 Rg6 35. Nh5 Rg5 36. Nf4 Rcg8 37. Bd1 c3 38. Rf2 Bxf4 39. Rxf4 Rxg2 40. Bf3 c2 41. Rc1 Rg1+ 42. Rxg1 Rxg1+ 43. Kxg1 c1=Q+ 44. Kh2 Qxf4+ 45. Kg2 Qxd4 46. Kh1 Qf2 47. Bg2 f4 48. h4 f3 49. Bh3 Bf1 50. Bxf1 Qxf1+ 51. Kh2 Qg2# 0-1

[Event "48th Indian U15-ch Girls 2023"]
[Site "Jalgaon"]
[Date "2023.12.27"]
[Round "1.4"]
[White "Sneha Halder"]
[Black "Archita Agrawal"]
[Result "1-0"]
[WhiteElo "1766"]
[BlackElo "1255"]
[PlyCount "87"]
[EventDate "2023.12.30"]
[EventType "swiss"]
[EventCountry "IND"]
[TimeControl "5400+30"]

1. c4 Nf6 2. g3 g6 3. Bg2 Bg7 4. d4 d6 5. Nc3 O-O 6. e3 Nc6 7. Nge2 Bd7 8. O-O e5 9. a3 a5 10. b3 Qc8 11. Re1 Ne8 12. Bb2 f5 13. Nd5 Nf6 14. Nec3 e4 15. Qe2 Qd8 16. b4 Nxd5 17. Nxd5 Ne7 18. Nf4 Qe8 19. d5 Bxb2 20. Qxb2 g5 21. Ne2 b6 22. Qd4 Ng6 23. f4 exf3 24. Bxf3 Ne5 25. Kf2 Qg6 26. h4 f4 27. Be4 fxg3+ 28. Kg2 Rf2+ 29. Kxg3 gxh4+ 30. Kxf2 Rf8+ 31. Nf4 Qg3+ 32. Ke2 Bg4+ 33. Kd2 Qf2+ 34. Kc3 axb4+ 35. axb4 h3 36. Rf1 Qh4 37. Nd3 Rxf1 38. Rxf1 Be2 39. Rg1+ Ng4 40. Nf4 h2 41. Ra1 Qf2 42. Bxh7+ Kf7 43. Bg6+ Ke7 44. Qg7+ 1-0

[Event "48th Indian U15-ch Girls 2023"]
[Site "Jalgaon"]
[Date "2023.12.27"]
[Round "1.5"]
[White "Ananya Manisundaram"]
[Black "Arshiya Das"]
[Result "0-1"]
[WhiteElo "1250"]
[BlackElo "1729"]
[PlyCount "64"]
[EventDate "2023.12.30"]
[EventType "swiss"]
[EventCountry "IND"]
[TimeControl "5400+30"]

1. e4 c5 2. Nf3 d6 3. d4 cxd4 4. Nxd4 Nf6 5. Nc3 a6 6. Bg5 Nbd7 7. Bc4 Qc7 8. Bb3 e6 9. Qd2 b5 10. f3 Bb7 11. O-O-O Nc5 12. Bxf6 gxf6 13. Kb1 O-O-O 14. a4 b4 15. Na2 a5 16. Nb5 Qb6 17. Qe3 Nxa4 18. Qe2 Nc5 19. Bc4 Kb8 20. Nc1 Bh6 21. Nb3 Nxb3 22. cxb3 Rhe8 23. g3 d5 24. Bd3 dxe4 25. fxe4 f5 26. exf5 exf5 27. Qc2 Rc8 28. Bc4 Be4 29. Rd3 Bxh1 30. Nd6 Re1+ 31. Ka2 Qg1 32. Nxc8 Ra1# 0-1

[Event "48th Indian U15-ch Girls 2023"]
[Site "Jalgaon"]
[Date "2023.12.27"]
[Round "1.6"]
[White "Rajanya Datta"]
[Black "Sequeira Jennica"]
[Result "1-0"]
[WhiteElo "1688"]
[BlackElo "1248"]
[PlyCount "119"]
[EventDate "2023.12.30"]
[EventType "swiss"]
[EventCountry "IND"]
[TimeControl "5400+30"]

1. e4 e5 2. Nf3 Nc6 3. c3 Nf6 4. d4 exd4 5. e5 Nd5 6. cxd4 Bb4+ 7. Bd2 Bxd2+ 8. Nbxd2 d6 9. Bb5 O-O 10. O-O dxe5 11. dxe5 Nce7 12. Re1 c6 13. Bf1 Ng6 14. Qb3 Qe7 15. a3 Be6 16. Qc2 Rad8 17. g3 a5 18. Bg2 Rfe8 19. Rac1 Rc8 20. Nd4 c5 21. Nb5 Red8 22. Nc4 b6 23. Ncd6 Rb8 24. f4 Qd7 25. f5 Bxf5 26. Qxf5 Qxf5 27. Nxf5 Nge7 28. Nxe7+ Nxe7 29. Rcd1 Ng6 30. Bd5 Re8 31. Nd6 Re7 32. e6 fxe6 33. Bxe6+ Kh8 34. Bb3 Rc7 35. Nf7+ Kg8 36. Ne5+ Kh8 37. Nxg6+ hxg6 38. Re4 g5 39. Rd5 Rbc8 40. Bc4 Kh7 41. Rxg5 g6 42. Rh4+ Kg7 43. Rhg4 Rc6 44. Bd3 Rd8 45. Rxg6+ Rxg6 46. Bxg6 Rd1+ 47. Kg2 Rd2+ 48. Kh3 Rxb2 49. a4 Kf6 50. Bd3 Rb4 51. Rxb4 axb4 52. g4 b3 53. Kh4 Ke5 54. Bc4 b2 55. Bd3 Kd4 56. Bb1 Kc3 57. g5 Kd2 58. g6 Kc1 59. Be4 c4 60. g7 1-0

[Event "48th Indian U15-ch Girls 2023"]
[Site "Jalgaon"]
[Date "2023.12.27"]
[Round "1.7"]
[White "Alana Julieta Menezes Andrade"]
[Black "Saparya Ghosh"]
[Result "0-1"]
[WhiteElo "1218"]
[BlackElo "1662"]
[PlyCount "134"]
[EventDate "2023.12.30"]
[EventType "swiss"]
[EventCountry "IND"]
[TimeControl "5400+30"]

1. e4 c5 2. c3 Nf6 3. e5 Nd5 4. d4 cxd4 5. cxd4 Nc6 6. Nf3 d6 7. Bc4 Nb6 8. Bb5 Bd7 9. O-O e6 10. Nc3 dxe5 11. dxe5 Be7 12. Re1 O-O 13. Bf4 Nb4 14. Be2 N4d5 15. Nxd5 Nxd5 16. Bg3 Qa5 17. Bc4 Rfd8 18. Qe2 Bb4 19. Red1 Ba4 20. Rd3 Rac8 21. b3 Bb5 22. Bxb5 Qxb5 23. Qd1 Qb6 24. h3 h6 25. Qe2 Nc3 26. Rxd8+ Qxd8 27. Qe3 Bc5 28. Qe1 Qd3 29. Kh2 Rd8 30. Bf4 Nd1 31. Bg3 Ba3 32. Qa5 Bb2 33. Ne1 Qd7 34. Rb1 Bc3 35. Qxa7 Bxe1 36. Rc1 Qd2 37. Rc7 Bxf2 38. Bxf2 Nxf2 39. Qxb7 Qf4+ 40. g3 Qd2 41. Qg2 Qxa2 42. Rc1 Rd2 43. Kg1 Qa7 44. Kf1 Qe3 45. Re1 Qd3+ 46. Kg1 Qd4 47. Kf1 g6 48. Re2 Rd1+ 49. Re1 Rxe1+ 50. Kxe1 Qe3+ 51. Kf1 Ne4 52. Qg1 Nd2+ 53. Kg2 Qf3+ 54. Kh2 Nf1+ 55. Qxf1 Qxf1 56. b4 Qf2+ 57. Kh1 Qxg3 58. b5 h5 59. b6 Qxh3+ 60. Kg1 Qe3+ 61. Kh1 Qxb6 62. Kh2 Qe3 63. Kh1 g5 64. Kh2 g4 65. Kh1 g3 66. Kg2 Qf2+ 67. Kh1 Qh2# 0-1

[Event "48th Indian U15-ch Girls 2023"]
[Site "Jalgaon"]
[Date "2023.12.27"]
[Round "1.8"]
[White "Anupam M Sreekumar"]
[Black "Sandhana D"]
[Result "1-0"]
[WhiteElo "1642"]
[BlackElo "1217"]
[PlyCount "79"]
[EventDate "2023.12.30"]
[EventType "swiss"]
[EventCountry "IND"]
[TimeControl "5400+30"]

1. e4 e5 2. Nf3 Nc6 3. d4 exd4 4. Nxd4 Bc5 5. Nb3 Bb6 6. Nc3 d6 7. Be2 Nf6 8. Bg5 h6 9. Bh4 g5 10. Bg3 Qe7 11. f3 Bd7 12. Qd2 O-O-O 13. Na4 Be6 14. Nxb6+ axb6 15. Bb5 Ne5 16. Qc3 Bd7 17. Bxd7+ Rxd7 18. O-O-O Re8 19. Nd4 h5 20. Qa3 Rdd8 21. Qa8+ Kd7 22. Qxb7 Rb8 23. Qa6 Ra8 24. Qb5+ Kc8 25. a3 h4 26. Nc6 Nxc6 27. Qxc6 Kb8 28. Rxd6 hxg3 29. Rxf6 Rd8 30. hxg3 Qe5 31. f4 gxf4 32. gxf4 Qe7 33. Rd1 Rxd1+ 34. Kxd1 Qd8+ 35. Kc1 Ra5 36. Rxf7 Rh5 37. Qd7 Rh1+ 38. Kd2 Qxd7+ 39. Rxd7 Rh2 40. Rg7 1-0

[Event "48th Indian U15-ch Girls 2023"]
[Site "Jalgaon"]
[Date "2023.12.27"]
[Round "1.9"]
[White "Yadav Pallavi"]
[Black "Nivedita V C"]
[Result "1/2-1/2"]
[WhiteElo "1191"]
[BlackElo "1638"]
[PlyCount "99"]
[EventDate "2023.12.30"]
[EventType "swiss"]
[EventCountry "IND"]
[TimeControl "5400+30"]

1. e4 e5 2. Nf3 Nc6 3. d4 exd4 4. Bc4 Nf6 5. O-O d6 6. Nxd4 Ne5 7. Bb3 Be7 8. f3 a6 9. a4 O-O 10. Nc3 Bd7 11. Be3 c5 12. Nde2 b5 13. axb5 axb5 14. Nd5 Rxa1 15. Qxa1 c4 16. Bb6 Qe8 17. Nxe7+ Qxe7 18. Ba2 Ra8 19. Qb1 Nc6 20. c3 d5 21. Re1 dxe4 22. fxe4 Qxe4 23. Qxe4 Nxe4 24. Bb1 Ra1 25. Rc1 Bf5 26. g4 Bg6 27. Kg2 h6 28. h4 Ra6 29. Bd4 Nxd4 30. Nxd4 Rb6 31. h5 Bh7 32. Re1 Nf6 33. Bxh7+ Kxh7 34. Kf3 b4 35. Re7 bxc3 36. bxc3 Nd5 37. Rxf7 Nxc3 38. Nf5 Nb5 39. Rxg7+ Kh8 40. Re7 c3 41. Re8+ Kh7 42. Re7+ Kg8 43. Re8+ Kf7 44. Rc8 Ke6 45. Rc5 Kd7 46. Ke3 Nc7 47. Kd3 Ne6 48. Rxc3 Nf4+ 49. Kc2 Rf6 50. Rf3 1/2-1/2

[Event "48th Indian U15-ch Girls 2023"]
[Site "Jalgaon"]
[Date "2023.12.27"]
[Round "1.10"]
[White "Bhat Sannidhi Ramakrishna"]
[Black "Kamble Samruddhi Vishwanath"]
[Result "1-0"]
[WhiteElo "1637"]
[BlackElo "1189"]
[PlyCount "47"]
[EventDate "2023.12.30"]
[EventType "swiss"]
[EventCountry "IND"]
[TimeControl "5400+30"]

1. d4 Nf6 2. Nf3 g6 3. Bg5 Bg7 4. Nbd2 d6 5. c3 Nbd7 6. e4 e6 7. e5 dxe5 8. dxe5 Nxe5 9. Nxe5 Qd5 10. Ndf3 Qe4+ 11. Qe2 Qd5 12. Rd1 Qxa2 13. Qb5+ c6 14. Qb4 Bf8 15. Bxf6 Qb1 16. Qd4 Qxd1+ 17. Kxd1 Be7 18. Bxh8 f6 19. Nc4 e5 20. Nd6+ Kf8 21. Nxe5 Be6 22. Qh4 fxe5 23. Qh6+ Kg8 24. Qg7# 1-0

[Event "48th Indian U15-ch Girls 2023"]
[Site "Jalgaon"]
[Date "2023.12.28"]
[Round "2.1"]
[White "Mrittika Mallick"]
[Black "Aditi Arun"]
[Result "1-0"]
[WhiteElo "1970"]
[BlackElo "1447"]
[PlyCount "119"]
[EventDate "2023.12.30"]
[EventType "swiss"]
[EventCountry "IND"]
[TimeControl "5400+30"]

1. e4 e5 2. Nf3 Nc6 3. Bc4 Nf6 4. d3 Be7 5. O-O O-O 6. Re1 d6 7. a4 Na5 8. Ba2 c5 9. Na3 h6 10. c3 Nc6 11. Nc2 Re8 12. b4 Bf8 13. b5 Nb8 14. Ne3 g6 15. Bb2 Be6 16. Bxe6 Rxe6 17. Qb3 Nbd7 18. Nd2 Bg7 19. a5 Re8 20. a6 b6 21. Rad1 Nf8 22. d4 exd4 23. cxd4 cxd4 24. Bxd4 Ne6 25. Bxf6 Qxf6 26. Nd5 Qd8 27. Nf3 Rc8 28. Nb4 Rc3 29. Qd5 Rxf3 30. Nc6 Qh4 31. e5 Qxf2+ 32. Kh1 Rf5 33. g4 Rg5 34. Rf1 Qh4 35. Qf3 Qxg4 36. Qxg4 Rxg4 37. exd6 Nd8 38. d7 Rf8 39. Rde1 f5 40. Nxd8 Bf6 41. Ne6 Rb8 42. Rc1 Kf7 43. Rc8 Kxe6 44. Rxb8 Kxd7 45. Rb7+ Kd6 46. Rxa7 Ra4 47. Ra8 Ke7 48. Re1+ Kf7 49. Ra7+ Kf8 50. Rc1 Bd8 51. Rc8 Ra1+ 52. Kg2 Ra2+ 53. Kf3 Ra3+ 54. Kf4 Ra4+ 55. Ke5 Re4+ 56. Kd5 Re8 57. Raa8 Ke7 58. Rxd8 Rxd8+ 59. Rxd8 Kxd8 60. a7 1-0

[Event "48th Indian U15-ch Girls 2023"]
[Site "Jalgaon"]
[Date "2023.12.28"]
[Round "2.2"]
[White "Arya G Mallar"]
[Black "Shubhi Gupta"]
[Result "0-1"]
[WhiteElo "1460"]
[BlackElo "1902"]
[PlyCount "68"]
[EventDate "2023.12.30"]
[EventType "swiss"]
[EventCountry "IND"]
[TimeControl "5400+30"]

1. d4 d5 2. Nf3 Nf6 3. Bf4 c5 4. e3 Nc6 5. Nbd2 Bf5 6. dxc5 e6 7. Nd4 Bxc5 8. Nxf5 exf5 9. c3 O-O 10. Be2 Ne4 11. Nxe4 fxe4 12. Qb3 Qd7 13. Rd1 Rad8 14. O-O Kh8 15. Rd2 Ne7 16. Rfd1 Bb6 17. Bg5 f6 18. Bf4 Qf5 19. h3 h5 20. Qb5 Rg8 21. c4 g5 22. Bh2 g4 23. c5 gxh3 24. Bg3 h4 25. cxb6 hxg3 26. f4 Qh7 27. gxh3 Qxh3 28. Bf1 g2 29. Rxg2 Rxg2+ 30. Bxg2 Qxe3+ 31. Kh1 Kg7 32. Bf1 Rh8+ 33. Kg2 Qf3+ 34. Kg1 Rh1# 0-1

[Event "48th Indian U15-ch Girls 2023"]
[Site "Jalgaon"]
[Date "2023.12.28"]
[Round "2.3"]
[White "Sachi Jain"]
[Black "Samhita Pungavanam"]
[Result "1-0"]
[WhiteElo "1844"]
[BlackElo "1437"]
[PlyCount "75"]
[EventDate "2023.12.30"]
[EventType "swiss"]
[EventCountry "IND"]
[TimeControl "5400+30"]

1. e4 c5 2. Nf3 d6 3. d4 cxd4 4. Nxd4 Nf6 5. Nc3 g6 6. f4 Nc6 7. Nf3 Bg7 8. Bd3 O-O 9. O-O b5 10. Kh1 b4 11. Nd5 a5 12. Qe1 e6 13. Ne3 Re8 14. e5 Nd5 15. Bb5 Bb7 16. Nc4 dxe5 17. fxe5 Qc7 18. Nd6 Rf8 19. Bxc6 Qxc6 20. Qh4 Bxe5 21. Nxe5 Qxd6 22. Rxf7 Rxf7 23. Nxf7 Qe7 24. Nh6+ Kg7 25. Bg5 Qc5 26. Qe4 Qd6 27. Rf1 Rf8 28. Rxf8 Kxf8 29. Qf3+ Nf4 30. Qxf4+ Qxf4 31. Bxf4 Be4 32. c3 bxc3 33. bxc3 a4 34. Ng4 Bd5 35. a3 Kf7 36. c4 Bb7 37. c5 Ke7 38. Bd6+ 1-0

[Event "48th Indian U15-ch Girls 2023"]
[Site "Jalgaon"]
[Date "2023.12.28"]
[Round "2.4"]
[White "Yashvi Jain"]
[Black "Sneha Halder"]
[Result "0-1"]
[WhiteElo "1442"]
[BlackElo "1766"]
[PlyCount "80"]
[EventDate "2023.12.30"]
[EventType "swiss"]
[EventCountry "IND"]
[TimeControl "5400+30"]

1. d4 c5 2. c3 Nf6 3. Bf4 Qb6 4. Qc1 cxd4 5. cxd4 Nc6 6. e3 d6 7. Nc3 Bf5 8. Bb5 Rc8 9. Nf3 Nd5 10. Nxd5 Qxb5 11. Nc3 Qa6 12. a3 h6 13. e4 Bg4 14. Be3 Bxf3 15. gxf3 Na5 16. Qd1 Nc4 17. Qe2 Qb6 18. Rb1 Qa5 19. Bd2 Qh5 20. Nd5 e6 21. Nc3 Be7 22. f4 Qh3 23. Be3 Bh4 24. Nd1 Qg2 25. Rf1 Qxe4 26. Rc1 Qd5 27. Nc3 Qa5 28. d5 O-O 29. Rg1 Nxe3 30. Qxe3 Bf6 31. dxe6 Rfe8 32. Kd1 Rxe6 33. Qh3 Bxc3 34. Rxc3 Rxc3 35. bxc3 Qa4+ 36. Kd2 Qxf4+ 37. Kd1 Qxf2 38. Qg4 Qf6 39. Qg3 Re5 40. Qg2 Rg5 0-1

[Event "48th Indian U15-ch Girls 2023"]
[Site "Jalgaon"]
[Date "2023.12.28"]
[Round "2.5"]
[White "Arshiya Das"]
[Black "Suravi Bhattacharya"]
[Result "1-0"]
[WhiteElo "1729"]
[BlackElo "1420"]
[PlyCount "121"]
[EventDate "2023.12.30"]
[EventType "swiss"]
[EventCountry "IND"]
[TimeControl "5400+30"]

1. Nf3 d5 2. g3 Nf6 3. Bg2 c5 4. d3 Nc6 5. Nbd2 e5 6. e4 d4 7. O-O Be7 8. a4 O-O 9. h3 a6 10. Re1 Rb8 11. Nf1 b5 12. g4 c4 13. axb5 axb5 14. Ng3 Re8 15. Bf1 cxd3 16. Bxd3 Qc7 17. Qe2 Qb6 18. Kg2 Nd7 19. Nf5 Bf8 20. Bd2 Nc5 21. N3h4 Be6 22. Ng3 Red8 23. Nhf5 b4 24. b3 Rbc8 25. Nh5 Kh8 26. Nhg3 Rc7 27. Ra2 Na5 28. Rea1 Ra8 29. f4 g6 30. Nh4 Rca7 31. fxe5 Nc6 32. Rxa7 Rxa7 33. Rxa7 Qxa7 34. Nf3 Qb8 35. Bb5 Na7 36. Nxd4 Qxe5 37. Nf3 Qb8 38. Bc4 Nc6 39. Be3 Nd8 40. Bd4+ Kg8 41. Qe3 Bxc4 42. Bxc5 Bxc5 43. Qxc5 Be6 44. e5 Qc8 45. Qxc8 Bxc8 46. Nd4 Kf8 47. Kf2 Ke7 48. Ke3 Bb7 49. g5 Bg2 50. h4 Nb7 51. Nge2 Nc5 52. Nf4 Bb7 53. Nd3 Nxd3 54. cxd3 Bd5 55. Nc2 Bxb3 56. Nxb4 Ba4 57. Ke4 Bd7 58. Nd5+ Ke6 59. Nf6 Bc6+ 60. Kf4 Bb5 61. d4 1-0

[Event "48th Indian U15-ch Girls 2023"]
[Site "Jalgaon"]
[Date "2023.12.28"]
[Round "2.6"]
[White "Hanya Shah"]
[Black "Rajanya Datta"]
[Result "0-1"]
[WhiteElo "1429"]
[BlackElo "1688"]
[PlyCount "86"]
[EventDate "2023.12.30"]
[EventType "swiss"]
[EventCountry "IND"]
[TimeControl "5400+30"]

1. c4 e6 2. Nc3 d5 3. e3 c6 4. Nf3 Nf6 5. Qc2 Be7 6. d4 O-O 7. Bd3 Nbd7 8. O-O b6 9. e4 dxe4 10. Nxe4 Bb7 11. Rd1 Qc7 12. b3 Nxe4 13. Bxe4 Nf6 14. Bb2 h6 15. Rac1 Qf4 16. Bd3 Rfd8 17. Be2 Qc7 18. h3 Bd6 19. d5 cxd5 20. Bxf6 gxf6 21. Qb2 Be5 22. Nxe5 Qxe5 23. Qd2 dxc4 24. Qxd8+ Rxd8 25. Rxd8+ Kg7 26. Bf1 cxb3 27. axb3 Qb2 28. Rc7 Be4 29. Rdd7 Bg6 30. Rxa7 Qxb3 31. Rab7 Qb4 32. Rdc7 Qb1 33. Rd7 Qb4 34. Rdc7 Qe1 35. Rd7 Be4 36. Rxf7+ Kg6 37. Rbd7 Bd5 38. g4 Kg5 39. Rc7 Qe4 40. Kh2 Qh1+ 41. Kg3 Qf3+ 42. Kh2 Qxf2+ 43. Bg2 Qxg2# 0-1

[Event "48th Indian U15-ch Girls 2023"]
[Site "Jalgaon"]
[Date "2023.12.28"]
[Round "2.7"]
[White "Saparya Ghosh"]
[Black "Dhakshniga T"]
[Result "1-0"]
[WhiteElo "1662"]
[BlackElo "1416"]
[PlyCount "63"]
[EventDate "2023.12.30"]
[EventType "swiss"]
[EventCountry "IND"]
[TimeControl "5400+30"]

1. d4 Nf6 2. c4 g6 3. g3 d5 4. cxd5 Nxd5 5. e4 Nb6 6. Bg2 Bg7 7. Ne2 Nc6 8. d5 Ne5 9. O-O e6 10. Nbc3 exd5 11. exd5 O-O 12. Bf4 Bf5 13. Nd4 Qd7 14. Nxf5 Qxf5 15. Nb5 Qd7 16. Qb3 a6 17. Nc3 Nbc4 18. Rfe1 Rfe8 19. Ne4 b6 20. Rac1 Nxb2 21. Re3 Rac8 22. Rec3 Na4 23. R3c2 b5 24. Ng5 Nc4 25. Bh3 Qxd5 26. Rxc4 bxc4 27. Qxa4 Rb8 28. Bf1 Qf5 29. Bxc4 Rf8 30. Bb3 h6 31. Nxf7 Rxf7 32. Rxc7 1-0

[Event "48th Indian U15-ch Girls 2023"]
[Site "Jalgaon"]
[Date "2023.12.28"]
[Round "2.8"]
[White "Prakash Vaishnavi"]
[Black "Anupam M Sreekumar"]
[Result "0-1"]
[WhiteElo "1421"]
[BlackElo "1642"]
[PlyCount "111"]
[EventDate "2023.12.30"]
[EventType "swiss"]
[EventCountry "IND"]
[TimeControl "5400+30"]

1. e4 c5 2. Nf3 e6 3. d4 cxd4 4. Nxd4 a6 5. c4 Nf6 6. Nc3 Qc7 7. a3 b6 8. Be2 Bb7 9. Qd3 d6 10. b3 Nbd7 11. f3 Be7 12. Bb2 O-O 13. O-O Rfd8 14. Rac1 Rac8 15. Qe3 d5 16. Kh1 Bd6 17. g3 Bc5 18. b4 Bxd4 19. Qxd4 e5 20. Qf2 dxc4 21. b5 Nf8 22. a4 Rd2 23. Ba1 Qc5 24. Qxc5 Rxc5 25. Rfd1 Rd4 26. bxa6 Bxa6 27. Nb5 Rxd1+ 28. Rxd1 N8d7 29. Na3 Ra5 30. Bxc4 Rxa4 31. Bxa6 Rxa3 32. Bc8 Kf8 33. Bb2 Rb3 34. Bxd7 Rxb2 35. Bc6 Ke7 36. f4 exf4 37. gxf4 Rc2 38. Bb5 Nxe4 39. Re1 f5 40. Kg1 Rb2 41. Bd3 Rb4 42. Kg2 Rd4 43. Bb1 Kd6 44. Re3 g6 45. Bd3 Kc5 46. Kf3 b5 47. h4 b4 48. h5 Kd6 49. hxg6 hxg6 50. Bb5 b3 51. Rd3 Rxd3+ 52. Bxd3 b2 53. Kg2 Nc3 54. Kh3 b1=Q 55. Bxb1 Nxb1 56. Kh4 0-1

[Event "48th Indian U15-ch Girls 2023"]
[Site "Jalgaon"]
[Date "2023.12.28"]
[Round "2.9"]
[White "Modipalli Deekshitha"]
[Black "Bhat Sannidhi Ramakrishna"]
[Result "0-1"]
[WhiteElo "1394"]
[BlackElo "1637"]
[PlyCount "102"]
[EventDate "2023.12.30"]
[EventType "swiss"]
[EventCountry "IND"]
[TimeControl "5400+30"]

1. d4 Nc6 2. d5 Nb8 3. c4 d6 4. Nc3 g6 5. e4 Bg7 6. Nf3 Nf6 7. Be2 O-O 8. O-O a5 9. Re1 Na6 10. h3 Nc5 11. Bf1 a4 12. Rb1 e5 13. dxe6 Bxe6 14. b4 axb3 15. axb3 Bd7 16. g3 Bc6 17. Nd2 Re8 18. Qc2 h5 19. Bg2 h4 20. g4 Ne6 21. Nf3 Nd7 22. Nd5 Ne5 23. Be3 Nxf3+ 24. Bxf3 Nd4 25. Qd1 Nxf3+ 26. Qxf3 Bxd5 27. exd5 Bc3 28. Rec1 Be5 29. g5 Qd7 30. Kg2 Kg7 31. Rh1 f5 32. gxf6+ Bxf6 33. Bh6+ Kxh6 34. Qxf6 Re4 35. Ra1 Rae8 36. Rhg1 Qe7 37. Qxe7 R4xe7 38. Ra7 b6 39. Rga1 Rf8 40. Rb7 Re2 41. Rf1 Rf7 42. b4 Rc2 43. c5 bxc5 44. b5 Rb2 45. Kg1 Kg7 46. f3 Rd2 47. b6 cxb6 48. Rxb6 Rxd5 49. Kg2 Rd2+ 50. Kg1 Rc7 51. Re1 Kf7 0-1

[Event "48th Indian U15-ch Girls 2023"]
[Site "Jalgaon"]
[Date "2023.12.28"]
[Round "2.10"]
[White "Drishtee Ghosh"]
[Black "Saranya Devi Narahari"]
[Result "1-0"]
[WhiteElo "1605"]
[BlackElo "1392"]
[PlyCount "129"]
[EventDate "2023.12.30"]
[EventType "swiss"]
[EventCountry "IND"]
[TimeControl "5400+30"]

1. e4 c5 2. Nf3 e6 3. d4 cxd4 4. Nxd4 Nf6 5. Nc3 Nc6 6. Nxc6 bxc6 7. e5 Nd5 8. Ne4 Qc7 9. f4 Qb6 10. c4 Bb4+ 11. Ke2 f5 12. exf6 Nxf6 13. Be3 Qd8 14. Nd6+ Bxd6 15. Qxd6 Bb7 16. Rd1 Rc8 17. g4 c5 18. Rg1 Rc6 19. Qe5 O-O 20. g5 Nh5 21. Bh3 d6 22. Qxe6+ Kh8 23. Rgf1 Rb6 24. b3 Ra6 25. Qd7 Rxa2+ 26. Rd2 Rxd2+ 27. Bxd2 Qe8+ 28. Qxe8 Rxe8+ 29. Kf2 g6 30. Rd1 Kg8 31. Be3 Rd8 32. Bg4 Be4 33. Bxc5 Bc2 34. Rxd6 Rxd6 35. Bxd6 Bxb3 36. Be6+ Kg7 37. Ke3 a5 38. Kd4 a4 39. Kc3 h6 40. Kb4 Kh7 41. Be5 hxg5 42. fxg5 Bd1 43. Bd7 a3 44. Kxa3 Be2 45. c5 Bf3 46. c6 Ng7 47. c7 Bb7 48. Bxg7 Ba6 49. c8=Q Bxc8 50. Bxc8 Kxg7 51. Kb4 Kh7 52. Kc5 Kg7 53. Kd6 Kh7 54. Ke6 Kg7 55. Ke7 Kh8 56. Kf8 Kh7 57. Kf7 Kh8 58. Kxg6 Kg8 59. h4 Kh8 60. h5 Kg8 61. h6 Kh8 62. Kf7 Kh7 63. g6+ Kxh6 64. g7 Kh5 65. g8=Q 1-0

[Event "48th Indian U15-ch Girls 2023"]
[Site "Jalgaon"]
[Date "2023.12.28"]
[Round "3.1"]
[White "Kirthika B"]
[Black "Mrittika Mallick"]
[Result "0-1"]
[WhiteElo "1605"]
[BlackElo "1970"]
[PlyCount "110"]
[EventDate "2023.12.30"]
[EventType "swiss"]
[EventCountry "IND"]
[TimeControl "5400+30"]

1. e4 c6 2. Nf3 d5 3. Nc3 Bg4 4. h3 Bxf3 5. Qxf3 e6 6. Be2 Nd7 7. d4 dxe4 8. Nxe4 Ndf6 9. Nxf6+ Nxf6 10. c3 Be7 11. O-O O-O 12. Bg5 Nd5 13. Bxe7 Qxe7 14. Bd3 g6 15. Rae1 Rad8 16. Be4 Qg5 17. Bxd5 Rxd5 18. Qe4 Rfd8 19. f4 Qh4 20. Qf3 a5 21. Re5 a4 22. b4 axb3 23. axb3 Ra8 24. Rxd5 cxd5 25. c4 Qd8 26. Qc3 Qc7 27. c5 Ra2 28. g3 Qd7 29. Ra1 Re2 30. Qd3 Re4 31. Kg2 Kg7 32. b4 h5 33. b5 h4 34. b6 hxg3 35. Kxg3 Qe7 36. Qd2 Qe8 37. Re1 f5 38. Rxe4 fxe4 39. Qa5 Kh6 40. c6 Qxc6 41. Qc5 Qe8 42. Qd6 Qf7 43. Qe5 Kh7 44. Qc7 Qg7 45. Qc5 Kh6 46. h4 Qf6 47. Qd6 Kh5 48. Kg2 Kg4 49. Qc7 Qxf4 50. Qg7 Qd2+ 51. Kg1 Qc1+ 52. Kg2 Qc2+ 53. Kg1 e3 54. Qe5 Qf2+ 55. Kh1 Qxh4+ 0-1

[Event "48th Indian U15-ch Girls 2023"]
[Site "Jalgaon"]
[Date "2023.12.28"]
[Round "3.2"]
[White "Shubhi Gupta"]
[Black "Drishtee Ghosh"]
[Result "1-0"]
[WhiteElo "1902"]
[BlackElo "1605"]
[PlyCount "113"]
[EventDate "2023.12.30"]
[EventType "swiss"]
[EventCountry "IND"]
[TimeControl "5400+30"]

1. d4 Nf6 2. Bg5 d5 3. Nd2 e6 4. e4 dxe4 5. Nxe4 Be7 6. Bxf6 Bxf6 7. Nf3 O-O 8. c3 b6 9. Bd3 Bb7 10. Qe2 Nd7 11. O-O-O Rb8 12. h4 Be7 13. Ne5 Qe8 14. Ng5 Nf6 15. Qc2 h6 16. Bh7+ Kh8 17. Ngxf7+ Rxf7 18. Bg6 Qb5 19. Nxf7+ Kg8 20. Ne5 Bd6 21. Bf7+ Kf8 22. Bxe6 Bxe5 23. dxe5 Qxe5 24. Qf5 Qxf5 25. Bxf5 Bxg2 26. Rhe1 Bd5 27. Be6 Be4 28. Rd4 Bf3 29. Rf4 Bh5 30. Rf5 Rd8 31. Rfe5 Re8 32. f4 Bg4 33. Bxg4 Rxe5 34. fxe5 Nxg4 35. h5 Kf7 36. Re4 Nh2 37. Rh4 Ke6 38. Rxh2 Kxe5 39. Rf2 Ke6 40. Kd2 a6 41. a4 b5 42. axb5 axb5 43. Rg2 Kf6 44. Rg6+ Kf7 45. Rc6 Kf8 46. Rxc7 Kg8 47. Rb7 Kf8 48. Rxb5 Kg8 49. c4 Kf8 50. Rb7 Kg8 51. c5 Kh8 52. c6 Kg8 53. c7 Kh7 54. Rb8 g5 55. c8=Q Kg7 56. Qf8+ Kh7 57. Qf7# 1-0

[Event "48th Indian U15-ch Girls 2023"]
[Site "Jalgaon"]
[Date "2023.12.28"]
[Round "3.3"]
[White "Sherali Pattnaik"]
[Black "Sachi Jain"]
[Result "1/2-1/2"]
[WhiteElo "1575"]
[BlackElo "1844"]
[PlyCount "60"]
[EventDate "2023.12.30"]
[EventType "swiss"]
[EventCountry "IND"]
[TimeControl "5400+30"]

1. e4 e5 2. Nf3 Nc6 3. Bb5 a6 4. Ba4 Nf6 5. O-O Be7 6. Re1 b5 7. Bb3 d6 8. c3 O-O 9. h3 Na5 10. Bc2 c5 11. d4 Qc7 12. d5 Nc4 13. b3 Nb6 14. a4 c4 15. b4 bxa4 16. Bxa4 Nxa4 17. Rxa4 Bd7 18. Ra2 Rfb8 19. Nfd2 Bb5 20. Na3 Nd7 21. Qe2 Nb6 22. Nf1 Rc8 23. Ne3 Bd7 24. Bd2 g6 25. Rea1 f5 26. f3 f4 27. Nd1 Ba4 28. Nb1 Bb5 29. Be1 Bd8 30. Bf2 Qb7 1/2-1/2